AoeStats
← Erebor.

Arena

510401934Analyzed
4v4 RM · 2d ago on Sep 30, 2026· 19m 56s· 8 players
Game mode
Random Map
Map size
Large (8 player)
Population
200
Speed
Normal
Resources
Standard
Victory
Conquest
Starting age
Dark Age
Ending age
Imperial Age
RankedLock teamsTeams togetherTeam positionsShared explorationLock speedFull tech treeHidden civsTurbo modeCheats
Victory
Defeat
🇫🇷 Malians · France
1388
+18
🇫🇷 Teutons · France
1359
+19
🇫🇷 Byzantines · France
1328
+20
🇫🇷 Saxons · France
1323
+20
🇭🇺 Lithuanians · Hungary
1458
-20
🇦🇷 Saracens · Argentina
1454
-21
🇵🇪 Inca · Peru
1410
-19
🇦🇷 Malians · Argentina
1358
-17
León Sin Melena
5:30 Loom
8:01 Feudal Age
8:36 Double-Bit Axe
10:07 Fletching
AJR86
10:12 Feudal Age
14:13 Castle Age
12:46 Horse Collar
13:42 Double-Bit Axe
18:41 Loom
Erebor.
6:03 Loom
8:48 Feudal Age
10:01 Double-Bit Axe
13:43 Town Watch
13:53 Fletching
EMALI
10:25 Feudal Age
14:46 Castle Age
Petitbiscuit
10:38 Feudal Age
11:13 Man-at-Arms
11:41 Loom
11:49 Double-Bit Axe
14:27 Castle Age
13:54 Horse Collar
14:40 Scale Mail Armor
14:45 Long Swordsman
16:28 Arson
17:22 Squires
18:45 Chain Mail Armor
18:53 Forging
Balgrudor
8:52 Loom
11:04 Feudal Age
13:42 Fletching
17:19 Double-Bit Axe
17:15 Horse Collar
20:42 Wheelbarrow
baug
8:42 Feudal Age
13:30 Double-Bit Axe
19:43 Horse Collar
20:54 Wheelbarrow
renardoracle12
11:07 Feudal Age
15:52 Castle Age
14:03 Double-Bit Axe
14:21 Horse Collar
17:10 Loom
Connection lost

Rejoining the realm…

Still unreachable

The connection could not be restored.

Session expired

The server has moved on; the page needs a fresh start.